BSA
TORONTO TITANS @ MADISON BOMBERS
07/29/2024
 
TOP OF THE 1ST
Toronto Titans batting - Pitching for Madison Bombers : RHP José Lara
Pitching: RHP José Lara
Batting: SHB Ryobe Yamamoto 0-0: Ball
1-0: Swinging Strike
1-1: Ball
2-1: Ball
3-1: Base on Balls
Batting: LHB Lewis Barr 0-0: Ball
1-0: Ball
2-0: Ball
3-0: Called Strike
3-1: Foul Ball, location: 2F
3-2: Strikes out looking
Batting: LHB Jorge Martínez 0-0: Ball
Ryobe Yamamoto is caught stealing 2nd base
1-0: Swinging Strike
1-1: Foul Ball, location: 2F
1-2: Foul Ball, location: 2F
1-2: Strikes out swinging
Top of the 1st over - 0 run(s), 0 hit(s), 0 error(s), 0 left on base; Toronto 0 - Madison 0
BOTTOM OF THE 1ST
Madison Bombers batting - Pitching for Toronto Titans : LHP Kent Robinson
Pitching: LHP Kent Robinson
Batting: LHB Keith Tillman 0-0: Ball
1-0: Ball
2-0: Swinging Strike
2-1: Foul Ball, location: 2F
2-2: Ball
3-2: Foul Ball, location: 2F
3-2: Ground out U3 (Groundball, 3)
Batting: RHB Sergio Márquez 0-0: Called Strike
0-1: Swinging Strike
0-2: Strikes out swinging
Batting: LHB Sixto Cantú 0-0: Ground out 6-3 (Groundball, 6M)
Bottom of the 1st over - 0 run(s), 0 hit(s), 0 error(s), 0 left on base; Toronto 0 - Madison 0
TOP OF THE 2ND
Toronto Titans batting - Pitching for Madison Bombers : RHP José Lara
Batting: LHB José Rodríguez 0-0: Called Strike
0-1: Called Strike
0-2: Ball
1-2: Ball
2-2: Strikes out swinging
Batting: LHB Anacleto Morillo 0-0: Ball
1-0: Ball
2-0: Foul Ball, location: 2F
2-1: Swinging Strike
2-2: SOLO HOME RUN (Flyball, 9D), Distance : 381 ft
Batting: RHB Gilberto López 0-0: Called Strike
0-1: Ball
1-1: Ground out 5-3 (Groundball, 5S)
Batting: RHB Matt Doyle 0-0: Fly out, F3 (Popup, 3S)
Top of the 2nd over - 1 run(s), 1 hit(s), 0 error(s), 0 left on base; Toronto 1 - Madison 0
BOTTOM OF THE 2ND
Madison Bombers batting - Pitching for Toronto Titans : LHP Kent Robinson
Batting: LHB Dave Williams 0-0: Called Strike
0-1: Ball
1-1: Foul Ball, location: 2F
1-2: Ground out U3 (Groundball, 3S)
Batting: LHB José Santos 0-0: Ball
1-0: Swinging Strike
1-1: Ball
2-1: Swinging Strike
2-2: Strikes out swinging
Batting: RHB Vicente Aguirre 0-0: Called Strike
0-1: Swinging Strike
0-2: Strikes out looking
Bottom of the 2nd over - 0 run(s), 0 hit(s), 0 error(s), 0 left on base; Toronto 1 - Madison 0
TOP OF THE 3RD
Toronto Titans batting - Pitching for Madison Bombers : RHP José Lara
Batting: RHB Manuel González 0-0: Ball
1-0: Foul Ball, location: 2F
1-1: Ground out 3-1 (Groundball, 34)
Batting: LHB Kent MacDulothe 0-0: Foul Ball, location: 2F
0-1: Ball
1-1: Ball
2-1: SINGLE (Groundball, 3S) (infield hit)
Batting: SHB Ryobe Yamamoto 0-0: Fly out, F7 (Flyball, 78S)
Batting: LHB Lewis Barr 0-0: Called Strike
0-1: Foul Ball, location: 2F
0-2: Ball
Kent MacDulothe steals 2nd base
1-2: Foul Ball, location: 2F
1-2: Ball
2-2: Foul Ball, location: 2F
2-2: Ground out 4-3 (Groundball, 4)
Top of the 3rd over - 0 run(s), 1 hit(s), 0 error(s), 1 left on base; Toronto 1 - Madison 0
BOTTOM OF THE 3RD
Madison Bombers batting - Pitching for Toronto Titans : LHP Kent Robinson
Batting: SHB Jorge Flores 0-0: Called Strike
0-1: Ground out 6-3 (Groundball, 6)
Batting: LHB Avery Hopkins 0-0: Ball
1-0: Foul Ball, location: 2F
1-1: Ball
2-1: Foul Ball, location: 2F
2-2: Strikes out looking
Batting: RHB Quinton Martínez 0-0: Ball
1-0: SINGLE (Line Drive, 7S)
Batting: LHB Keith Tillman 0-0: Foul Ball, location: 2F
0-1: Ball
1-1: Foul Ball, location: 2F
1-2: Ground out 4-3 (Groundball, 4)
Bottom of the 3rd over - 0 run(s), 1 hit(s), 0 error(s), 1 left on base; Toronto 1 - Madison 0
TOP OF THE 4TH
Toronto Titans batting - Pitching for Madison Bombers : RHP José Lara
Batting: LHB Jorge Martínez 0-0: Called Strike
0-1: Called Strike
0-2: Strikes out swinging
Batting: LHB José Rodríguez 0-0: Called Strike
0-1: Ball
1-1: Swinging Strike
1-2: Strikes out looking
Batting: LHB Anacleto Morillo 0-0: Swinging Strike
0-1: Swinging Strike
0-2: Hit by Pitch
Batting: RHB Gilberto López 0-0: Ball
1-0: Called Strike
Anacleto Morillo steals 2nd base
1-1: SINGLE (Groundball, 56)
Anacleto Morillo to third
Runner from 3rd tries for Home, SAFE, no throw or cutoff
Batting: RHB Matt Doyle 0-0: Ball
1-0: Ball
2-0: Swinging Strike
2-1: Foul Ball, location: 2F
2-2: Foul Ball, location: 2F
2-2: SINGLE (Groundball, 6M)
Gilberto López to second
Gilberto López to third
Batting: RHB Manuel González 0-0: Foul Ball, location: 2F
0-1: Ball
1-1: 3-RUN HOME RUN (Line Drive, 9D), Distance : 391 ft
Batting: LHB Kent MacDulothe 0-0: Called Strike
0-1: Called Strike
0-2: SINGLE (Line Drive, 56D)
Batting: SHB Ryobe Yamamoto 0-0: Called Strike
Kent MacDulothe is caught stealing 2nd base
Top of the 4th over - 4 run(s), 4 hit(s), 0 error(s), 0 left on base; Toronto 5 - Madison 0
BOTTOM OF THE 4TH
Madison Bombers batting - Pitching for Toronto Titans : LHP Kent Robinson
Batting: RHB Sergio Márquez 0-0: Ball
1-0: SINGLE (Line Drive, 34D)
Batting: LHB Sixto Cantú 0-0: Called Strike
0-1: Grounds into double play, 6-4-3 (Groundball, 6)
Batting: LHB Dave Williams 0-0: Ground out 4-3 (Groundball, 34)
Bottom of the 4th over - 0 run(s), 1 hit(s), 0 error(s), 0 left on base; Toronto 5 - Madison 0
TOP OF THE 5TH
Toronto Titans batting - Pitching for Madison Bombers : RHP José Lara
Batting: SHB Ryobe Yamamoto 0-0: Foul Ball, location: 2F
0-1: Ground out 3-1 (Groundball, 34S)
Batting: LHB Lewis Barr 0-0: Called Strike
0-1: SOLO HOME RUN (Flyball, 9LD), Distance : 368 ft
Batting: LHB Jorge Martínez 0-0: Foul Ball, location: 2F
0-1: Ball
1-1: Foul Ball, location: 2F
1-2: Ground out 3-1 (Groundball, 34)
Batting: LHB José Rodríguez 0-0: Ball
1-0: Called Strike
1-1: Foul Ball, location: 2F
1-2: Strikes out looking
Top of the 5th over - 1 run(s), 1 hit(s), 0 error(s), 0 left on base; Toronto 6 - Madison 0
BOTTOM OF THE 5TH
Madison Bombers batting - Pitching for Toronto Titans : LHP Kent Robinson
Batting: LHB José Santos 0-0: Called Strike
0-1: Ball
1-1: Fly out, F7 (Flyball, 7M)
Batting: RHB Vicente Aguirre 0-0: DOUBLE (Line Drive, 9LD)
Batting: SHB Jorge Flores 0-0: Ball
Wild Pitch!
Vicente Aguirre to third
1-0: Foul Ball, location: 2F
1-1: Swinging Strike
1-2: Strikes out looking
Batting: LHB Avery Hopkins 0-0: Ground out 1-3 (Groundball, 15)
Bottom of the 5th over - 0 run(s), 1 hit(s), 0 error(s), 1 left on base; Toronto 6 - Madison 0
TOP OF THE 6TH
Toronto Titans batting - Pitching for Madison Bombers : RHP José Lara
Batting: LHB Anacleto Morillo 0-0: Ball
1-0: Ball
2-0: SINGLE (Groundball, 6MD)
Batting: RHB Gilberto López 0-0: Foul Ball, location: 2F
0-1: Ball
1-1: Called Strike
1-2: Fly out, F8 (Flyball, 8RM)
Batting: RHB Matt Doyle 0-0: Called Strike
0-1: SINGLE (Groundball, 34D)
Anacleto Morillo to second
Runner from 2nd tries for 3rd, SAFE, throw made to third
Batting: RHB Manuel González 0-0: Foul Ball, location: 2F
0-1: Foul Ball, location: 2F
0-2: Foul Ball, location: 2F
0-2: Foul Ball, location: 2F
0-2: Ball
1-2: Ground out 5-3 (Groundball, 5S)
Anacleto Morillo scores
Matt Doyle to second
Pitching: RHP Ramón Rodríguez
Batting: LHB Kent MacDulothe 0-0: Ball
1-0: Ball
2-0: Called Strike
2-1: Ball
3-1: Called Strike
3-2: SINGLE (Groundball, 4MD)
Matt Doyle to third
Matt Doyle scores
Batting: SHB Ryobe Yamamoto 0-0: Called Strike
0-1: Ground out 6-3 (Groundball, 6)
Top of the 6th over - 2 run(s), 3 hit(s), 0 error(s), 1 left on base; Toronto 8 - Madison 0
BOTTOM OF THE 6TH
Madison Bombers batting - Pitching for Toronto Titans : LHP Kent Robinson
Batting: RHB Quinton Martínez 0-0: Foul Ball, location: 2F
0-1: Fly out, F8 (Flyball, 8RM)
Batting: LHB Keith Tillman 0-0: Fly out, F7 (Popup, 7LSF)
Batting: RHB Sergio Márquez 0-0: Ball
1-0: Ball
2-0: Foul Ball, location: 2F
2-1: Ball
3-1: Ground out U3 (Groundball, 3)
Bottom of the 6th over - 0 run(s), 0 hit(s), 0 error(s), 0 left on base; Toronto 8 - Madison 0
TOP OF THE 7TH
Toronto Titans batting - Pitching for Madison Bombers : RHP Ramón Rodríguez
Batting: LHB Lewis Barr 0-0: Ball
1-0: DOUBLE (Line Drive, 5L)
Batting: LHB Jorge Martínez 0-0: Ball
1-0: Ball
2-0: Called Strike
2-1: Ball
3-1: Base on Balls
Batting: LHB José Rodríguez 0-0: Called Strike
0-1: Swinging Strike
0-2: Strikes out looking
Batting: LHB Anacleto Morillo 0-0: Ball
1-0: Fielders Choice at 2nd, 4-6 (Groundball, 34)
Lewis Barr to third
Batting: RHB Gilberto López 0-0: Foul Ball, location: 2F
0-1: Fly out, F7 (Flyball, 7D)
Top of the 7th over - 0 run(s), 1 hit(s), 0 error(s), 2 left on base; Toronto 8 - Madison 0
BOTTOM OF THE 7TH
Madison Bombers batting - Pitching for Toronto Titans : LHP Kent Robinson
Now at SS: Alberto Velásquez
Batting: LHB Sixto Cantú 0-0: Foul Ball, location: 2F
0-1: Called Strike
0-2: SINGLE (Groundball, 6MD)
Batting: LHB Dave Williams 0-0: Called Strike
0-1: SINGLE (Line Drive, 78S)
Sixto Cantú to second
Batting: LHB José Santos 0-0: SINGLE (Line Drive, 89S)
Sixto Cantú to third
Dave Williams to second
Runner from 3rd tries for Home, SAFE, throw made home
Dave Williams to third
José Santos to second
Batting: RHB Vicente Aguirre 0-0: Foul Ball, location: 2F
0-1: Ball
1-1: Foul Ball, location: 2F
1-2: Ball
2-2: Ground out 1-3 (Groundball, 15)
Batting: SHB Jorge Flores 0-0: Ball
1-0: Fly out, F8 (Flyball, 8LXD)
Runner from 3rd tags up, SCORES, no throw
José Santos to third
Pitching: RHP Roland Harrison
Batting: LHB Avery Hopkins 0-0: Called Strike
0-1: Ball
1-1: Fly out, F6 (Popup, 6D)
Bottom of the 7th over - 2 run(s), 3 hit(s), 0 error(s), 1 left on base; Toronto 8 - Madison 2
TOP OF THE 8TH
Toronto Titans batting - Pitching for Madison Bombers : RHP Ramón Rodríguez
Now at 1B: Michael McDonald
Batting: RHB Matt Doyle 0-0: Called Strike
0-1: Foul Ball, location: 2F
0-2: Ball
1-2: Ball
2-2: Strikes out swinging
Batting: RHB Manuel González 0-0: Called Strike
0-1: Called Strike
0-2: Ball
1-2: Foul Ball, location: 2F
1-2: Ball
2-2: Strikes out swinging
Batting: LHB Kent MacDulothe 0-0: Called Strike
0-1: Ball
1-1: Ball
2-1: Ball
3-1: Ground out 2-3 (Groundball, 25)
Top of the 8th over - 0 run(s), 0 hit(s), 0 error(s), 0 left on base; Toronto 8 - Madison 2
BOTTOM OF THE 8TH
Madison Bombers batting - Pitching for Toronto Titans : RHP Roland Harrison
Now in CF: Bob Sawyer
Batting: RHB Quinton Martínez 0-0: Foul Ball, location: 2F
0-1: Ball
1-1: Ball
2-1: SINGLE (Line Drive, 6D)
Batting: LHB Keith Tillman 0-0: Called Strike
0-1: Ball
1-1: Fielders Choice at 2nd, 1-6 (Groundball, 25)
Batting: RHB Sergio Márquez 0-0: Called Strike
0-1: Called Strike
0-2: Ball
1-2: Grounds into double play, 6-4-3 (Groundball, 6)
Bottom of the 8th over - 0 run(s), 1 hit(s), 0 error(s), 0 left on base; Toronto 8 - Madison 2
TOP OF THE 9TH
Toronto Titans batting - Pitching for Madison Bombers : RHP Ramón Rodríguez
Batting: SHB Ryobe Yamamoto 0-0: Foul Ball, location: 2F
0-1: Ball
1-1: Foul Ball, location: 2F
1-2: Ball
2-2: Fly out, F7 (Flyball, 7LM)
Batting: LHB Lewis Barr 0-0: Ball
1-0: Called Strike
1-1: Ball
2-1: Foul Ball, location: 2F
2-2: Strikes out swinging
Batting: RHB Alberto Velásquez 0-0: Reached on error, E2 (Groundball, 25)
Batting: LHB José Rodríguez 0-0: Ground out 4-3 (Groundball, 4M)
Top of the 9th over - 0 run(s), 0 hit(s), 1 error(s), 1 left on base; Toronto 8 - Madison 2
BOTTOM OF THE 9TH
Madison Bombers batting - Pitching for Toronto Titans : RHP Roland Harrison
Batting: SHB Michael McDonald 0-0: Ball
1-0: Ground out 6-3 (Groundball, 6M)
Batting: LHB Dave Williams 0-0: Foul Ball, location: 2F
0-1: Ball
1-1: Ball
2-1: Ball
3-1: Ground out 4-3 (Groundball, 4)
Batting: LHB José Santos 0-0: Ball
1-0: SINGLE (Groundball, 4MD)
Pitching: LHP Roberto Vázquez
Batting: RHB Vicente Aguirre 0-0: Called Strike
0-1: Called Strike
0-2: Strikes out swinging
Bottom of the 9th over - 0 run(s), 1 hit(s), 0 error(s), 1 left on base; Toronto 8 - Madison 2
This league is powered by Out of the Park Baseball, the baseball management simulation game for PC, Mac and Linux
Saturday, April 9th, 2016 - OOTP Baseball 16.8 Build 38